 Dungeon Crawl Stone Soup version 0.30.0-10-gfe55d96785 (webtiles) character file.

Game seed: 14243807575592507900

44919 qw the Severer (level 14, 0/92 HPs)
             Began as a Gargoyle Cinder Acolyte on May 16, 2023.
             Was an Elder of Okawaru.
             Killed from afar by a hell hound (3 damage)
             ... with a blast of flame
             ... on level 5 of the Lair of Beasts.
             The game lasted 00:07:27 (15431 turns).

qw the Severer (Gargoyle Cinder Acolyte)           Turns: 15431, Time: 00:07:27

Health: 0/92       AC: 29    Str: 31    XL:     14   Next: 30%
Magic:  18/18      EV: 15    Int: 17    God:    Okawaru [****..]
Gold:   1065       SH:  5    Dex:  5    Spells: 15/15 levels left

rFire   . . .        Y - +0 broad axe (flame)
rCold   . . .        (no shield)
rNeg    + . .        b - +0 chain mail
rPois   inf          a - +0 hat of the Guilds {Drain Str+4 Stlth+}
rElec   +            k - +0 cloak
rCorr   .            j - +0 pair of gloves
SInv    .            d - +1 pair of boots
Will    +....        h - amulet of reflection
Stlth   +            g - +6 ring of strength
HPRegen 0.35/turn    q - +5 ring of evasion
MPRegen 0.16/turn

%: reflection
@: heroic, flying
A: sickness immunity, AC +10, big wings, negative energy resistance 1,
electricity resistance, torment resistance 1, petrification resistance
a: Renounce Religion, Heroism, Finesse


You were on level 5 of the Lair of Beasts.
You worshipped Okawaru.
Okawaru was greatly pleased with you.
You visited 2 branches of the dungeon, and saw 13 of its levels.

You collected 1065 gold pieces.


Innate Abilities, Weirdness & Mutations

You are immune to sickness and miasma.
Your stone body is resilient. (AC +10)
You are immune to poison.
Your large and strong wings let you fly.
You resist negative energy. (rN+)
You are resistant to electric shocks. (rElec)
You are resistant to unholy torment.
You are immune to petrification.


   Skills:
 + Level 12.0(17.0) Fighting
 - Level 17.0(22.0) Axes
 - Level 4.8(9.8) Throwing
 - Level 10.0(15.0) Armour
 - Level 2.0(7.0) Dodging
 - Level 1.0 Spellcasting
 - Level 3.0 Fire Magic
 + Level 6.4 Invocations


You had 15 spell levels left.
You didn't know any spells.
Your spell library contained the following spells:

 Spells                   Type           Power      Damage    Failure   Level
 Scorch                   Fire           22%        2d5       26%         2

Inventory:

Hand Weapons
 Y - a +0 broad axe of flaming (weapon)
Armour
 a - the +0 hat of the Guilds (worn) {Drain Str+4 Stlth+}
   (You acquired it on level 1 of the Dungeon)

   Str:       It affects your strength (+4).
   Drain:     It drains your maximum health when unequipped.
   Stlth:     It makes you more stealthy.
 b - a +0 chain mail (worn)
 c - a +0 plate armour
 d - a +1 pair of boots (worn)
 j - a +0 pair of gloves (worn)
 k - a +0 cloak (worn)
Jewellery
 g - a +6 ring of strength (left hand)
 h - an amulet of reflection (around neck)
 q - a +5 ring of evasion (right hand)
 r - a ring of fire
Scrolls
 i - 5 scrolls of identify
Potions
 f - 2 potions of haste
 l - a potion of cancellation
 n - 4 potions of curing
 p - a potion of mutation

Dungeon Overview and Level Annotations

Branches:
Dungeon (8/15)             Temple (0/1) D:4            Lair (5/5) D:8
  Swamp (0/4) Lair:2       Spider (0/4) Lair:3        Slime (0/5) Lair:5

Altars:
Dithmenos
Gozag
Kikubaaqudgha
Makhleb
Nemelex Xobeh
Okawaru
Trog
Uskayaw
Xom
Yredelemnul
Zin
Jiyva

Annotations:
D:6 4 runed translucent doors
D:7 2 transporters, Dusoehad's ghost, amateur HaHu
Lair:4 3 runed translucent doors, qw's ghost, journeyman GrCA
Lair:5 1 runed translucent door


Message History

You barely miss the molten gargoyle.
The molten gargoyle is moderately damaged.
You hit the molten gargoyle but do no damage.
The molten gargoyle is moderately damaged.
The hell hound breathes flames at you.
The blast of flame hits you but does no damage.
The molten gargoyle barely misses you.
You closely miss the molten gargoyle.
The molten gargoyle is moderately damaged.
The fire crab breathes flames at you.
The blast of flame engulfs you but does no damage.
The molten gargoyle blasts magma at you!
The bolt of magma hits you!
You hit the molten gargoyle but do no damage.
The molten gargoyle is moderately damaged.
The hell hound breathes flames at you.
The blast of flame hits the molten gargoyle.
The molten gargoyle completely resists.
The blast of flame misses you. You block the molten gargoyle's attack.
You barely miss the molten gargoyle.
The molten gargoyle is lightly damaged.
You slice the molten gargoyle!!
The molten gargoyle is almost destroyed.
The hell hound breathes flames at you. The blast of flame misses you.
The molten gargoyle blasts magma at you!
The bolt of magma misses you. The fire crab breathes flames at you.
The blast of flame engulfs you but does no damage.
You barely miss the molten gargoyle.
The molten gargoyle is almost destroyed.
The molten gargoyle hits you but does no damage.
You slice the molten gargoyle!!
You destroy the molten gargoyle!
Okawaru accepts your kill.
You hear a sizzling splash.
The hell hound breathes flames at you.
The blast of flame hits the fire crab.
The fire crab completely resists.
The blast of flame hits you.
You die...

#....#######.###.#.##..##........
###### ### ##########P.......
##P...... ### ## ##...... #~~###
##~## #.#.... #~~¤0###~~~#
###.... . #¤¤000¤## ##... ...
###0¤0##~¤# ###..#
.....##~~@0###~¤### #.#..#
......h~~00# ##¤~8# #.....
.¤...#.lt~## ##~~###..... #...
#~¤hh#..# #.~~###.... ¤¤
~~~¤¤#.....#.~~####...
¤~~¤¤~##........~~# #...
####¤##0........~¤###... ..
##~~..........~~###.. ..
#~¤~........#~~# #..


You could see a fire crab, a komodo dragon and 3 hell hounds.

Vanquished Creatures
  Rupert (Lair:5)
  A catoblepas (Lair:4)
  4 hydras
  A two-headed ogre (D:8)
  9 death yaks (Lair:5)
  2 skysharks (Lair:4)
  Amaemon (Lair:3)
  7 black mambas
  16 elephants
  2 molten gargoyles (Lair:5)
  An orange demon (Lair:3)
  8 cane toads
  Maggie (D:8)
  3 rime drakes
  5 komodo dragons
  3 polar bears
  A hornet (Lair:2)
  11 blink frogs
  9 dream sheep (Lair:4)
  9 wyverns
  6 basilisks
  20 yaks
  Grum (D:8)
  16 fire elementals
  A steam dragon (Lair:1)
  4 vampire mosquitoes
  Menkaure (D:5)
  2 acid dragons
  2 hell hounds (Lair:5)
  13 water moccasins
  3 ice beasts
  4 black bears
  A sky beast (D:7)
  4 centaurs
  3 hornet zombies (D:7)
  47 wolves
  3 phantoms
  A kobold brigand (D:7)
  A wyvern zombie (D:7)
  8 bullfrogs
  6 scorpions
  A water moccasin zombie (D:7)
  5 wights
  A jelly (D:8)
  3 howler monkeys (D:7)
  An electric eel (Lair:5)
  A crimson imp (D:8)
  A lava snake (Lair:5)
  A bullfrog zombie (D:7)
  A human zombie (D:7)
  4 hounds
  4 orc priests
  A centaur zombie (D:7)
  A gnoll bouda (D:5)
  2 sleepcaps
  3 iguanas
  4 orc wizards
  15 hell rats
  5 killer bee zombies (D:7)
  2 mummies (D:7)
  3 howler monkey zombies (D:7)
  12 adders
  7 gnolls
  4 river rats (Lair:4)
  3 shadow imps
  A white imp (D:8)
  2 worms
  2 dart slugs
  13 orcs
  5 ball pythons
  7 bats
  5 endoplasms
  4 giant cockroaches
  10 goblins
  5 hobgoblins
  2 quokkas
  A frilled lizard (D:2)
  8 kobolds
  2 rats (D:1)
394 creatures vanquished.

Notes
Turn   | Place    | Note
-------+----------+-------------------------------------------
     0 | D:1      | qw the Gargoyle Cinder Acolyte began the quest for the Orb.
     0 | D:1      | Reached XP level 1. HP: 14/14 MP: 2/2
     0 | D:1      | 0 ||| qw: Version: 0.2-a-94-gbb182e1
     0 | D:1      | 0 ||| qw: Game counter: 44
     0 | D:1      | 0 ||| qw: Always use a shield: true
     0 | D:1      | 0 ||| qw: God list: Okawaru
     0 | D:1      | 0 ||| qw: Allow faded altars: false
     0 | D:1      | 0 ||| qw: Do Orc after D:15 true
     0 | D:1      | 0 ||| qw: Do second Lair branch before Depths: true
     0 | D:1      | 0 ||| qw: Lair rune preference: random
     0 | D:1      | 0 ||| qw: Plans: Normal
     0 | D:1      | 0 ||| PLANNING D:1-11
    47 | D:1      | 47 ||| Stepping ~*~*~tactically~*~*~ (stealth).
    55 | D:1      | Reached skill level 3 in Axes
   145 | D:1      | Reached XP level 2. HP: 19/19 MP: 3/3
   239 | D:1      | 239 ||| INVOKING Fiery Armour.
   419 | D:1      | 419 ||| Stepping ~*~*~tactically~*~*~ (hiding).
   450 | D:1      | Reached XP level 3. HP: 23/23 MP: 4/4
   832 | D:1      | 832 ||| READING scroll labelled SEMIUV PUSMIQA.
   832 | D:1      | Identified a scroll of acquirement
   832 | D:1      | 832 ||| ACQUIRING +0 hat of the Guilds {Drain Str+4 Stlth+}
   832 | D:1      | Acquired the +0 hat of the Guilds {Drain Str+4 Stlth+}
   834 | D:1      | 834 ||| UPGRADING to +0 hat of the Guilds {Drain Str+4
                  | Stlth+}.
   839 | D:1      | 839 ||| READING 4 scrolls labelled FAOFACEKAE.
   840 | D:1      | 840 ||| READING 2 scrolls labelled DEPSOPL ZOXTO.
   841 | D:1      | 841 ||| READING scroll labelled ILAUPN TYEJ.
   842 | D:1      | 842 ||| DROPPING 3 scrolls of immolation.
   973 | D:2      | 973 ||| Stepping ~*~*~tactically~*~*~ (stealth).
   974 | D:2      | 974 ||| Stepping ~*~*~tactically~*~*~ (stealth).
  1028 | D:2      | 1028 ||| Stepping ~*~*~tactically~*~*~ (stealth).
  1079 | D:2      | 1079 ||| Stepping ~*~*~tactically~*~*~ (stealth).
  1081 | D:2      | 1081 ||| Stepping ~*~*~tactically~*~*~ (stealth).
  1096 | D:2      | Reached skill level 4 in Axes
  1136 | D:2      | 1136 ||| Stepping ~*~*~tactically~*~*~ (stealth).
  1180 | D:2      | Found a faded altar of an unknown god.
  1292 | D:2      | 1292 ||| Stepping ~*~*~tactically~*~*~ (stealth).
  1294 | D:2      | 1294 ||| Stepping ~*~*~tactically~*~*~ (stealth).
  1296 | D:2      | 1296 ||| Stepping ~*~*~tactically~*~*~ (stealth).
  1303 | D:2      | Reached XP level 4. HP: 26/28 MP: 5/5
  1355 | D:2      | 1355 ||| Stepping ~*~*~tactically~*~*~ (stealth).
  1419 | D:2      | 1419 ||| Stepping ~*~*~tactically~*~*~ (stealth).
  1424 | D:2      | 1424 ||| Stepping ~*~*~tactically~*~*~ (stealth).
  1426 | D:2      | 1426 ||| Stepping ~*~*~tactically~*~*~ (stealth).
  1428 | D:2      | 1428 ||| Stepping ~*~*~tactically~*~*~ (stealth).
  1430 | D:2      | 1430 ||| Stepping ~*~*~tactically~*~*~ (stealth).
  1432 | D:2      | 1432 ||| Stepping ~*~*~tactically~*~*~ (stealth).
  1434 | D:2      | 1434 ||| Stepping ~*~*~tactically~*~*~ (stealth).
  1436 | D:2      | 1436 ||| Stepping ~*~*~tactically~*~*~ (stealth).
  1438 | D:2      | 1438 ||| Stepping ~*~*~tactically~*~*~ (stealth).
  1446 | D:2      | 1446 ||| Stepping ~*~*~tactically~*~*~ (stealth).
  1448 | D:2      | 1448 ||| Stepping ~*~*~tactically~*~*~ (stealth).
  1513 | D:2      | 1513 ||| Stepping ~*~*~tactically~*~*~ (stealth).
  1515 | D:2      | 1515 ||| Stepping ~*~*~tactically~*~*~ (stealth).
  1520 | D:2      | Reached skill level 1 in Throwing
  1524 | D:2      | 1524 ||| READING scroll labelled FYEGGEUM DOQI.
  1529 | D:2      | 1529 ||| READING scroll labelled QEODOUNESK.
  1530 | D:2      | 1530 ||| READING scroll labelled XAWUIL ZOSOR.
  1531 | D:2      | 1531 ||| READING scroll labelled YTY MENWOVOU.
  1532 | D:2      | 1532 ||| DRINKING 2 coppery potions.
  1533 | D:2      | 1533 ||| DRINKING 2 purple potions.
  1534 | D:2      | 1534 ||| DROPPING potion of attraction.
  1567 | D:3      | 1567 ||| SWAPPING to +1 hand axe of electrocution.
  1589 | D:3      | 1589 ||| Stepping ~*~*~tactically~*~*~ (stealth).
  1591 | D:3      | 1591 ||| Stepping ~*~*~tactically~*~*~ (stealth).
  1593 | D:3      | 1593 ||| Stepping ~*~*~tactically~*~*~ (stealth).
  1594 | D:3      | 1594 ||| Stepping ~*~*~tactically~*~*~ (stealth).
  1632 | D:3      | Found an opulent altar of Gozag.
  1714 | D:3      | 1714 ||| Stepping ~*~*~tactically~*~*~ (stealth).
  1747 | D:3      | 1747 ||| Stepping ~*~*~tactically~*~*~ (stealth).
  1749 | D:3      | 1749 ||| Stepping ~*~*~tactically~*~*~ (stealth).
  1751 | D:3      | 1751 ||| Stepping ~*~*~tactically~*~*~ (stealth).
  1778 | D:3      | Found a glowing silver altar of Zin.
  1797 | D:3      | 1797 ||| Stepping ~*~*~tactically~*~*~ (stealth).
  1799 | D:3      | 1799 ||| Stepping ~*~*~tactically~*~*~ (stealth).
  1984 | D:3      | 1984 ||| UPGRADING to +0 leather armour.
  1994 | D:3      | 1994 ||| DROPPING +0 robe.
  1995 | D:3      | 1995 ||| UPGRADING to +0 cloak.
  2000 | D:3      | 2000 ||| UPGRADING to +0 ring mail.
  2010 | D:3      | 2010 ||| DROPPING +0 leather armour.
  2011 | D:3      | 2011 ||| READING scroll labelled YTOLIZ HAASHROW.
  2065 | D:4      | 2065 ||| Stepping ~*~*~tactically~*~*~ (stealth).
  2106 | D:4      | Noticed a black bear
  2111 | D:4      | Killed a black bear
  2112 | D:4      | Reached skill level 3 in Armour
  2112 | D:4      | Reached XP level 5. HP: 32/32 MP: 6/6
  2231 | D:4      | 2231 ||| Stepping ~*~*~tactically~*~*~ (stealth).
  2255 | D:4      | Found a staircase to the Ecumenical Temple.
  2285 | D:4      | 2285 ||| Stepping ~*~*~tactically~*~*~ (stealth).
  2443 | D:4      | 2443 ||| Stepping ~*~*~tactically~*~*~ (stealth).
  2445 | D:4      | Noticed a phantom
  2457 | D:4      | Killed a phantom
  2458 | D:4      | Reached skill level 5 in Axes
  2458 | D:4      | Reached XP level 6. HP: 36/37 MP: 7/7
  2568 | D:4      | 2568 ||| Stepping ~*~*~tactically~*~*~ (hiding).
  2812 | D:4      | Found a shadowy altar of Dithmenos.
  3137 | D:4      | 3137 ||| UPGRADING to +1 pair of boots.
  3142 | D:4      | 3142 ||| UPGRADING to +0 scale mail.
  3152 | D:4      | 3152 ||| DROPPING +0 ring mail.
  3153 | D:4      | 3153 ||| DRINKING 2 viscous amethyst potions.
  3154 | D:4      | 3154 ||| DRINKING 2 black potions.
  3155 | D:4      | 3155 ||| READING 3 scrolls of identify.
  3155 | D:4      | 3155 ||| IDENTIFYING glowing black potion
  3156 | D:4      | 3156 ||| READING 2 scrolls of identify.
  3156 | D:4      | 3156 ||| IDENTIFYING cyan potion
  3157 | D:4      | 3157 ||| DROPPING potion of invisibility.
  3158 | D:4      | 3158 ||| DROPPING potion of ambrosia.
  3200 | D:5      | Entered Level 5 of the Dungeon
  3242 | D:5      | Noticed a black bear
  3248 | D:5      | Killed a black bear
  3266 | D:5      | Reached XP level 7. HP: 36/44 MP: 8/8
  3433 | D:5      | Noticed Menkaure
  3442 | D:5      | 3442 ||| INVOKING Fiery Armour.
  3444 | D:5      | Killed Menkaure
  3445 | D:5      | Reached skill level 6 in Axes
  3600 | D:5      | Reached skill level 7 in Axes
  3653 | D:5      | 3653 ||| Stepping ~*~*~tactically~*~*~ (stealth).
  3663 | D:5      | Reached XP level 8. HP: 42/48 MP: 9/9
  3697 | D:5      | 3697 ||| Stepping ~*~*~tactically~*~*~ (stealth).
  3717 | D:5      | 3717 ||| Stepping ~*~*~tactically~*~*~ (stealth).
  3723 | D:5      | 3723 ||| Stepping ~*~*~tactically~*~*~ (stealth).
  3724 | D:5      | 3724 ||| Stepping ~*~*~tactically~*~*~ (stealth).
  3935 | D:5      | 3935 ||| Stepping ~*~*~tactically~*~*~ (hiding).
  4102 | D:5      | 4102 ||| UPGRADING to +0 chain mail.
  4112 | D:5      | 4112 ||| DROPPING +0 scale mail.
  4113 | D:5      | 4113 ||| READING scroll labelled FUKKAIROKK.
  4114 | D:5      | 4114 ||| READING 2 scrolls of identify.
  4114 | D:5      | 4114 ||| IDENTIFYING smoky inky potion
  4115 | D:5      | 4115 ||| DROPPING potion of lignification.
  4123 | D:5      | 4123 ||| Stepping ~*~*~tactically~*~*~ (hiding).
  4124 | D:5      | 4124 ||| Stepping ~*~*~tactically~*~*~ (hiding).
  4288 | D:6      | 4288 ||| Stepping ~*~*~tactically~*~*~ (hiding).
  4331 | D:6      | Reached skill level 8 in Axes
  4349 | D:6      | 4349 ||| Stepping ~*~*~tactically~*~*~ (stealth).
  4350 | D:6      | 4350 ||| Stepping ~*~*~tactically~*~*~ (stealth).
  4374 | D:6      | Found a large runed translucent door.
  4374 | D:6      | Found a large runed translucent door.
  4378 | D:6      | Found a sparkling altar of Nemelex Xobeh.
  4379 | D:6      | 4379 ||| Stepping ~*~*~tactically~*~*~ (hiding).
  4492 | D:6      | Found a large runed translucent door.
  4492 | D:6      | Found a large runed translucent door.
  4534 | D:6      | Reached skill level 6 in Fighting
  4564 | D:6      | Reached XP level 9. HP: 33/55 MP: 10/10
  4649 | D:6      | Identified the +0 ring mail of the Bells {rPois rN+++ Int-3
                  | Dex+3}
  4701 | D:6      | 4701 ||| Stepping ~*~*~tactically~*~*~ (stealth).
  4722 | D:6      | Reached skill level 9 in Axes
  4822 | D:6      | 4822 ||| Stepping ~*~*~tactically~*~*~ (stealth).
  4846 | D:6      | 4846 ||| Stepping ~*~*~tactically~*~*~ (stealth).
  5079 | D:6      | 5079 ||| Stepping ~*~*~tactically~*~*~ (stealth).
  5368 | D:6      | 5368 ||| DROPPING +0 ring mail of the Bells {rPois rN+++
                  | Int-3 Dex+3}.
  5369 | D:6      | 5369 ||| READING 2 scrolls labelled SEURYU WOCIKK.
  5370 | D:6      | 5370 ||| READING scroll labelled ILAZAB TISKULL.
  5409 | D:6      | 5409 ||| DRINKING 2 silvery potions.
  5410 | D:6      | 5410 ||| DROPPING potion of degeneration.
  5411 | D:6      | 5411 ||| DROPPING scroll of amnesia.
  5471 | D:7      | Found a bloodstained altar of Trog.
  5492 | D:7      | 5492 ||| Stepping ~*~*~tactically~*~*~ (stealth).
  5542 | D:7      | Found an iron altar of Okawaru.
  5589 | D:7      | 5589 ||| INVOKING Fiery Armour.
  5778 | D:7      | Found a transporter.
  5864 | D:7      | 5864 ||| Stepping ~*~*~tactically~*~*~ (stealth).
  5865 | D:7      | Found a hide-covered altar of Uskayaw.
  5869 | D:7      | 5869 ||| Stepping ~*~*~tactically~*~*~ (hiding).
  6032 | D:7      | Found a bloodstained altar of Trog.
  6032 | D:7      | Noticed a two-headed ogre
  6032 | D:7      | Noticed Dusoehad's ghost (amateur HaHu)
  6075 | D:7      | Found a transporter.
  6105 | D:7      | 6105 ||| Stepping ~*~*~tactically~*~*~ (stealth).
  6108 | D:7      | 6108 ||| Stepping ~*~*~tactically~*~*~ (stealth).
  6109 | D:7      | 6109 ||| Stepping ~*~*~tactically~*~*~ (stealth).
  6111 | D:7      | 6111 ||| Stepping ~*~*~tactically~*~*~ (stealth).
  6113 | D:7      | 6113 ||| Stepping ~*~*~tactically~*~*~ (hiding).
  6131 | D:7      | Reached skill level 10 in Axes
  6137 | D:7      | 6137 ||| Stepping ~*~*~tactically~*~*~ (stealth).
  6189 | D:7      | Reached skill level 1 in Dodging
  6206 | D:7      | Found a basalt altar of Yredelemnul.
  6360 | D:7      | Reached XP level 10. HP: 34/64 MP: 11/11
  6541 | D:7      | Reached skill level 3 in Throwing
  6623 | D:7      | Found an ancient bone altar of Kikubaaqudgha.
  6968 | D:7      | 6968 ||| UPGRADING to +6 ring of strength.
  6985 | D:8      | Noticed Grum
  6986 | D:8      | 6986 ||| INVOKING Fiery Armour.
  6993 | D:8      | 6993 ||| STAIRDANCE
  7121 | D:8      | 7121 ||| INVOKING Fiery Armour.
  7129 | D:8      | Killed Grum
  7197 | D:8      | Noticed Maggie
  7206 | D:8      | Killed Maggie
  7356 | D:8      | 7356 ||| SWAPPING to +0 broad axe of flaming.
  7357 | D:8      | 7357 ||| DROPPING +0 hand axe of flaming.
  7358 | D:8      | 7358 ||| DROPPING +1 hand axe of electrocution.
  7504 | D:8      | Noticed a two-headed ogre
  7509 | D:8      | Killed a two-headed ogre
  7510 | D:8      | Reached skill level 11 in Axes
  7518 | D:8      | Found a shimmering altar of Xom.
  7713 | D:8      | 7713 ||| Stepping ~*~*~tactically~*~*~ (hiding).
  7715 | D:8      | 7715 ||| Stepping ~*~*~tactically~*~*~ (hiding).
  7716 | D:8      | 7716 ||| Stepping ~*~*~tactically~*~*~ (hiding).
  7858 | D:8      | Found a burning altar of Makhleb.
  7892 | D:8      | Found a staircase to the Lair.
  7893 | D:8      | 7893 ||| Stepping ~*~*~tactically~*~*~ (stealth).
  7902 | D:8      | Reached skill level 6 in Armour
  8044 | D:8      | 8044 ||| PLANNING LAIR
  8044 | D:8      | 8044 ||| UPGRADING to +0 pair of gloves.
  8049 | D:8      | 8049 ||| READING scroll labelled ITULLI HIUNIRGH.
  8110 | Lair:1   | Entered Level 1 of the Lair of Beasts
  8159 | Lair:1   | Reached skill level 9 in Fighting
  8267 | Lair:1   | Noticed an elephant
  8279 | Lair:1   | Killed an elephant
  8406 | Lair:1   | Reached XP level 11. HP: 63/71 MP: 12/12
  8561 | Lair:1   | 8561 ||| Stepping ~*~*~tactically~*~*~ (hiding).
  8570 | Lair:1   | 8570 ||| Stepping ~*~*~tactically~*~*~ (stealth).
  8896 | Lair:1   | 8896 ||| READING 4 scrolls of identify.
  8896 | Lair:1   | 8896 ||| IDENTIFYING bubbling white potion
  8897 | Lair:1   | 8897 ||| DROPPING potion of brilliance.
  8931 | Lair:2   | 8931 ||| Stepping ~*~*~tactically~*~*~ (stealth).
  8932 | Lair:2   | 8932 ||| INVOKING Fiery Armour.
  8938 | Lair:2   | Reached skill level 12 in Axes
  9163 | Lair:2   | 9163 ||| INVOKING Fiery Armour.
  9352 | Lair:2   | 9352 ||| INVOKING Fiery Armour.
  9674 | Lair:2   | Found a staircase to the Swamp.
  9676 | Lair:2   | 9676 ||| Stepping ~*~*~tactically~*~*~ (stealth).
  9839 | Lair:2   | Reached skill level 13 in Axes
 10285 | Lair:2   | 10285 ||| DROPPING scarf of invisibility.
 10286 | Lair:2   | 10286 ||| READING 2 scrolls labelled MADOIM MYKK.
 10287 | Lair:2   | 10287 ||| READING scroll labelled QIUSCH KAUSOSER.
 10288 | Lair:2   | 10288 ||| DROPPING scroll of fog.
 10329 | Lair:3   | Noticed a four-headed hydra
 10330 | Lair:3   | 10330 ||| Stepping ~*~*~tactically~*~*~ (stealth).
 10331 | Lair:3   | 10331 ||| Stepping ~*~*~tactically~*~*~ (stealth).
 10332 | Lair:3   | 10332 ||| Stepping ~*~*~tactically~*~*~ (stealth).
 10333 | Lair:3   | 10333 ||| INVOKING Fiery Armour.
 10342 | Lair:3   | Killed a three-headed hydra
 10488 | Lair:3   | 10488 ||| Stepping ~*~*~tactically~*~*~ (stealth).
 10489 | Lair:3   | 10489 ||| INVOKING Fiery Armour.
 10497 | Lair:3   | Reached XP level 12. HP: 60/77 MP: 13/13
 10516 | Lair:3   | HP: 11/77 [hell rat (13)]
 10517 | Lair:3   | 10517 ||| READING 2 scrolls of teleportation.
 10517 | Lair:3   | HP: 5/77 [hell rat (7)]
 10518 | Lair:3   | 10518 ||| DRINKING 5 potions of heal wounds.
 10519 | Lair:3   | 10519 ||| DRINKING 4 potions of heal wounds.
 10547 | Lair:3   | Reached skill level 14 in Axes
 10549 | Lair:3   | Noticed Amaemon
 10561 | Lair:3   | Killed Amaemon
 10745 | Lair:3   | 10745 ||| Stepping ~*~*~tactically~*~*~ (stealth).
 10746 | Lair:3   | 10746 ||| Stepping ~*~*~tactically~*~*~ (stealth).
 10752 | Lair:3   | 10752 ||| Stepping ~*~*~tactically~*~*~ (stealth).
 10822 | Lair:3   | 10822 ||| Stepping ~*~*~tactically~*~*~ (stealth).
 10825 | Lair:3   | 10825 ||| Stepping ~*~*~tactically~*~*~ (stealth).
 10834 | Lair:3   | 10834 ||| Stepping ~*~*~tactically~*~*~ (stealth).
 10861 | Lair:3   | Found a hole to the Spider Nest.
 11206 | Lair:3   | 11206 ||| Stepping ~*~*~tactically~*~*~ (stealth).
 11210 | Lair:3   | 11210 ||| INVOKING Fiery Armour.
 11293 | Lair:3   | 11293 ||| UPGRADING to amulet of reflection.
 11332 | Lair:4   | 11332 ||| Stepping ~*~*~tactically~*~*~ (stealth).
 11334 | Lair:4   | 11334 ||| INVOKING Fiery Armour.
 11364 | Lair:4   | Reached skill level 9 in Armour
 11451 | Lair:4   | 11451 ||| Stepping ~*~*~tactically~*~*~ (hiding).
 11514 | Lair:4   | Noticed a skyshark
 11522 | Lair:4   | Killed a skyshark
 11601 | Lair:4   | 11601 ||| Stepping ~*~*~tactically~*~*~ (stealth).
 11632 | Lair:4   | 11632 ||| Stepping ~*~*~tactically~*~*~ (stealth).
 11645 | Lair:4   | 11645 ||| INVOKING Fiery Armour.
 11789 | Lair:4   | Noticed a six-headed hydra
 11794 | Lair:4   | Killed a three-headed hydra
 11818 | Lair:4   | Noticed a catoblepas
 11818 | Lair:4   | Noticed a four-headed hydra
 11829 | Lair:4   | Killed a one-headed hydra
 11834 | Lair:4   | Killed a catoblepas
 11835 | Lair:4   | Reached skill level 15 in Axes
 11920 | Lair:4   | 11920 ||| PLANNING OKAWARU WORSHIP
 11920 | Lair:4   | 11920 ||| UPGRADING to +5 ring of evasion.
 11921 | Lair:4   | 11921 ||| READING 4 scrolls of identify.
 11921 | Lair:4   | 11921 ||| IDENTIFYING murky brown potion
 11922 | Lair:4   | 11922 ||| READING 3 scrolls of identify.
 11922 | Lair:4   | 11922 ||| IDENTIFYING smoky brown potion
 12092 | D:7      | Fell from the grace of Ignis
 12092 | D:7      | Became a worshipper of Warmaster Okawaru
 12093 | D:7      | 12093 ||| PLANNING LAIR
 12353 | Lair:4   | 12353 ||| Stepping ~*~*~tactically~*~*~ (stealth).
 12355 | Lair:4   | 12355 ||| Stepping ~*~*~tactically~*~*~ (stealth).
 12377 | Lair:4   | Reached XP level 13. HP: 84/84 MP: 14/14
 12418 | Lair:4   | Reached * piety under Okawaru
 12419 | Lair:4   | 12419 ||| INVOKING Heroism.
 12467 | Lair:4   | Found a runed translucent gate.
 12467 | Lair:4   | Found a runed translucent gate.
 12467 | Lair:4   | Found a runed translucent gate.
 12468 | Lair:4   | Noticed a great orb of eyes
 12469 | Lair:4   | Noticed an azure jelly
 12469 | Lair:4   | Noticed an azure jelly
 12469 | Lair:4   | Noticed a quicksilver ooze
 12469 | Lair:4   | Noticed an acid blob
 12470 | Lair:4   | Noticed an acid blob
 12470 | Lair:4   | Noticed qw's ghost (journeyman GrCA)
 12470 | Lair:4   | Noticed an azure jelly
 12470 | Lair:4   | Noticed an azure jelly
 12470 | Lair:4   | Noticed an azure jelly
 12471 | Lair:4   | Noticed an azure jelly
 12471 | Lair:4   | Noticed an azure jelly
 12472 | Lair:4   | Noticed an azure jelly
 12474 | Lair:4   | Found a viscous altar of Jiyva.
 12668 | Lair:4   | Reached skill level 1 in Invocations
 12669 | Lair:4   | 12669 ||| Stepping ~*~*~tactically~*~*~ (stealth).
 12680 | Lair:4   | 12680 ||| Stepping ~*~*~tactically~*~*~ (stealth).
 12683 | Lair:4   | Reached skill level 12 in Fighting
 12723 | Lair:4   | 12723 ||| Stepping ~*~*~tactically~*~*~ (stealth).
 12724 | Lair:4   | 12724 ||| Stepping ~*~*~tactically~*~*~ (stealth).
 12725 | Lair:4   | 12725 ||| Stepping ~*~*~tactically~*~*~ (stealth).
 13254 | Lair:5   | Entered Level 5 of the Lair of Beasts
 13293 | Lair:5   | 13293 ||| Stepping ~*~*~tactically~*~*~ (stealth).
 13294 | Lair:5   | 13294 ||| Stepping ~*~*~tactically~*~*~ (stealth).
 13308 | Lair:5   | Reached skill level 3 in Invocations
 13398 | Lair:5   | 13398 ||| Stepping ~*~*~tactically~*~*~ (stealth).
 13405 | Lair:5   | 13405 ||| Stepping ~*~*~tactically~*~*~ (stealth).
 13415 | Lair:5   | 13415 ||| Stepping ~*~*~tactically~*~*~ (stealth).
 13420 | Lair:5   | 13420 ||| Stepping ~*~*~tactically~*~*~ (stealth).
 13427 | Lair:5   | Reached ** piety under Okawaru
 13459 | Lair:5   | 13459 ||| INVOKING Heroism.
 13484 | Lair:5   | 13484 ||| Stepping ~*~*~tactically~*~*~ (stealth).
 13538 | Lair:5   | 13538 ||| Stepping ~*~*~tactically~*~*~ (stealth).
 13539 | Lair:5   | 13539 ||| INVOKING Heroism.
 13652 | Lair:5   | Found a staircase to the Slime Pits.
 13727 | Lair:5   | 13727 ||| INVOKING Heroism.
 13749 | Lair:5   | 13749 ||| INVOKING Heroism.
 13749 | Lair:5   | HP: 21/86 [wolf (5)]
 13750 | Lair:5   | 13750 ||| READING scroll of teleportation.
 13751 | Lair:5   | 13751 ||| DRINKING 4 potions of heal wounds.
 13767 | Lair:5   | Reached *** piety under Okawaru
 13768 | Lair:5   | Reached skill level 16 in Axes
 13769 | Lair:5   | HP: 21/86 [elephant (3)]
 13770 | Lair:5   | 13770 ||| DRINKING 3 potions of heal wounds.
 13918 | Lair:5   | 13918 ||| INVOKING Heroism.
 13954 | Lair:5   | 13954 ||| INVOKING Heroism.
 14044 | Lair:5   | 14044 ||| INVOKING Heroism.
 14198 | Lair:5   | 14198 ||| INVOKING Heroism.
 14454 | Lair:5   | 14454 ||| INVOKING Heroism.
 14478 | Lair:5   | Gained mutation: Your large and strong wings let you fly.
                  | [Gargoyle growth]
 14478 | Lair:5   | Reached XP level 14. HP: 67/92 MP: 17/17
 14483 | Lair:5   | Reached **** piety under Okawaru
 14514 | Lair:5   | 14514 ||| Stepping ~*~*~tactically~*~*~ (stealth).
 14517 | Lair:5   | 14517 ||| Stepping ~*~*~tactically~*~*~ (stealth).
 14518 | Lair:5   | 14518 ||| INVOKING Heroism.
 14638 | Lair:5   | 14638 ||| Stepping ~*~*~tactically~*~*~ (stealth).
 14648 | Lair:5   | 14648 ||| Stepping ~*~*~tactically~*~*~ (stealth).
 14700 | Lair:5   | 14700 ||| Stepping ~*~*~tactically~*~*~ (stealth).
 14714 | Lair:5   | Found a large runed translucent door.
 14785 | Lair:5   | Noticed Rupert
 14786 | Lair:5   | 14786 ||| INVOKING Heroism.
 14807 | Lair:5   | Killed Rupert
 14813 | Lair:5   | Reached skill level 6 in Invocations
 14886 | Lair:5   | Was forgiven by Ignis
 14890 | Lair:5   | 14890 ||| INVOKING Heroism.
 14892 | Lair:5   | HP: 22/92 [fire elemental[the fiery vengeance of Ignis]
                  | (7)]
 14893 | Lair:5   | 14893 ||| READING scroll of teleportation.
 14894 | Lair:5   | 14894 ||| DRINKING 2 potions of heal wounds.
 14898 | Lair:5   | HP: 19/92 [fire elemental[the fiery vengeance of Ignis]
                  | (13)]
 14899 | Lair:5   | 14899 ||| DRINKING potion of heal wounds.
 15122 | Lair:5   | 15122 ||| Stepping ~*~*~tactically~*~*~ (stealth).
 15123 | Lair:5   | 15123 ||| Stepping ~*~*~tactically~*~*~ (stealth).
 15212 | Lair:5   | Reached skill level 17 in Axes
 15389 | Lair:5   | 15389 ||| Stepping ~*~*~tactically~*~*~ (stealth).
 15397 | Lair:5   | 15397 ||| Stepping ~*~*~tactically~*~*~ (cloud).
 15399 | Lair:5   | 15399 ||| INVOKING Heroism.
 15402 | Lair:5   | 15402 ||| Stepping ~*~*~tactically~*~*~ (cloud).
 15404 | Lair:5   | 15404 ||| Stepping ~*~*~tactically~*~*~ (cloud).
 15410 | Lair:5   | 15410 ||| Stepping ~*~*~tactically~*~*~ (cloud).
 15413 | Lair:5   | HP: 23/92 [fire elemental[the fiery vengeance of Ignis]
                  | (4)]
 15415 | Lair:5   | 15415 ||| Stepping ~*~*~tactically~*~*~ (cloud).
 15420 | Lair:5   | 15420 ||| Stepping ~*~*~tactically~*~*~ (cloud).
 15422 | Lair:5   | HP: 18/92 [fire crab/blast of flame (1)]
 15425 | Lair:5   | HP: 2/92 [molten gargoyle/bolt of magma (17)]
 15431 | Lair:5   | Killed from afar by a hell hound

Levels and vault maps discovered:
D:1:      sevenhm_arrival_forest_fort_small_6, layout_loops_ring,
          chequers_serial_rivers_micro_a
D:2:      layout_rooms, shapermc_ecumenical_altar_petra, grunt_ministairs_4,
          nicolae_underground_beach
D:3:      layout_rooms, nicolae_gozag_cash_rules_everything_around_me,
          zin_treasury
D:4:      layout_layer_cave, kennysheep_mini,
          minmay_temple_entry_statues_pillars, minivault_25
D:5:      layout_loops_ring, uniq_menkaure
D:6:      layout_rooms, mainiacjoe_overflow_brackets,
          hangedman_decor_diamond_cutter, minmay_hollow_rounded_squares
D:7:      layout_loops_ring, lemuel_coloured_pillars_altar,
          kennysheep_little_box, nicolae_uskayaw_murder_on_the_dancefloor,
          nicolae_yredelemnul_corpse_copse,
          lemuel_mausoleum_altar_kikubaaqudgha,
          gammafunk_ghost_wrathful_warriors
D:8:      layout_gridville, makhleb_grotto_becter, mainiacjoe_overflow_alcove_2,
          david_lair_generic, st_stairs_8, uniq_grum, uniq_maggie
Lair:1:   layout_cellular_growth, evilmike_ambush
          [evilmike_ambush_outer_corners, evilmike_ambush_inner_pond],
          lemuel_fruit_tree
Lair:2:   layout_hall_layers, minmay_swamp_entry_swarm, grunt_megastairs_3
Lair:3:   layout_misc_corridors, nicolae_spider_entry_non_spiders,
          chequers_serial_rivers_small_3, grunt_forest_large_clearings,
          serial_bayou_shore_b, uniq_amaemon
Lair:4:   layout_roguey, gammafunk_ghost_ooze, kennysheep_abandoned_house,
          grunt_megastairs_2
Lair:5:   cheibrodos_lair_end_hotspot, layout_cave_pods, slime_entry_1,
          nicolae_quartered_pool_little, uniq_kirke, uniq_rupert

Skill      XL: |  1  2  3  4  5  6  7  8  9 10 11 12 13 14 |
---------------+-------------------------------------------+-----
Axes           | 3 4 5 7 8 10 11 13 15 16 17 | 17.0
Throwing       | 1 2 3 4 |  4.8
Armour         | 3 4 5 7 8 9 10 | 10.0
Fighting       | 4 6 8 9 10 11 12 | 12.0
Dodging        | 1 2 |  2.0
Invocations    | 4 6 |  6.4
Spellcasting   | |  1.0
Fire Magic     | |  3.0

Action                     |  1- 3 |  4- 6 |  7- 9 | 10-12 | 13-15 || total
---------------------------+-------+-------+-------+-------+-------++-------
  Melee: Hand axe          |   121 |    74 |   274 |    91 |       ||   560
         Punch             |       |     1 |     4 |     6 |     7 ||    18
         Broad axe         |       |       |       |   325 |   391 ||   716
  Throw: Javelin           |       |    39 |    62 |    56 |     3 ||   160
         Boomerang         |       |       |    13 |    80 |    14 ||   107
 Invoke: Fiery Armour      |     1 |       |     2 |    10 |       ||    13
         Heroism           |       |       |       |       |    14 ||    14
    Use: Scroll            |     4 |     7 |     4 |     7 |     2 ||    24
         Potion            |       |     4 |     1 |     2 |     4 ||    11
   Stab: Petrifying        |       |       |       |     1 |       ||     1
 Armour: Robe              |    36 |    10 |       |       |       ||    46
         Ring mail         |       |    10 |       |       |       ||    10
         Scale mail        |       |    14 |    27 |       |       ||    41
         Chain mail        |       |       |   145 |   348 |   198 ||   691
  Dodge: Dodged            |    76 |    48 |    87 |   244 |   206 ||   661
  Block: Other             |       |       |       |    16 |    71 ||    87

Table legend:
 A = Non-vault XP
 B = Vault XP
 C = Vault XP percentage of total XP
 D = Non-vault monster count
 E = Vault monster count
 F = Vault count percentage of total count
                 A         B        C        D         E       F
            +---------+---------+-------+---------+---------+-------
      Total |   46146 |   18025 |  28.1 |     258 |     120 |  31.7
            +---------+---------+-------+---------+---------+-------
        D:1 |      38 |       0 |   0.0 |      21 |       0 |   0.0
        D:2 |      54 |      14 |  20.6 |      16 |       2 |  11.1
        D:3 |      42 |       0 |   0.0 |       8 |       0 |   0.0
        D:4 |     279 |       0 |   0.0 |       9 |       0 |   0.0
        D:5 |    1063 |     165 |  13.4 |      22 |       1 |   4.3
        D:6 |     948 |     594 |  38.5 |      23 |      10 |  30.3
        D:7 |     989 |    1170 |  54.2 |      15 |      21 |  58.3
        D:8 |    1381 |    1543 |  52.8 |       9 |       9 |  50.0
     Lair:1 |    1458 |     613 |  29.6 |       8 |       2 |  20.0
     Lair:2 |    4390 |    1032 |  19.0 |      19 |       5 |  20.8
     Lair:3 |    3813 |    4648 |  54.9 |      22 |      37 |  62.7
     Lair:4 |    9332 |    2452 |  20.8 |      29 |      16 |  35.6
     Lair:5 |   22359 |    5794 |  20.6 |      57 |      17 |  23.0
            +---------+---------+-------+---------+---------+-------
